 Dungeon Crawl Stone Soup version 0.31-a0-232-gb1c03b2570 (webtiles) character file.

Game seed: 9731511981836346706

40 qw the Shooter (level 3, 0/21 HPs)
             Began as a Gargoyle Hexslinger on July 7, 2023.
             Slain by Terence
             ... wielding a +0 short sword
              (3 damage)
             ... on level 2 of the Dungeon.
             The game lasted 00:00:28 (1276 turns).

qw the Shooter (Gargoyle Hexslinger)                Turns: 1276, Time: 00:00:28

Health: 0/21       AC:  5    Str: 11    XL:     3   Next: 50%
Magic:  4/4        EV: 12    Int: 13    God:
Gold:   118        SH:  0    Dex: 14    Spells: 3/4 levels left

rFire   . . .        a - +1 sling
rCold   . . .        (no shield)
rNeg    + . .        c - +0 robe
rPois   inf          (no helmet)
rElec   +            (no cloak)
rCorr   .            (no gloves)
SInv    .            (no boots)
Will    .....        (no amulet)
Stlth   +            (no ring)
HPRegen 0.23/turn    (no ring)
MPRegen 0.09/turn

%: no passive effects
@: no status effects
A: sickness immunity, AC +3, negative energy resistance 1, electricity
resistance, torment resistance 1, petrification resistance
a: no special abilities


You were on level 2 of the Dungeon.
You visited 1 branch of the dungeon, and saw 2 of its levels.

You collected 118 gold pieces.


Innate Abilities, Weirdness & Mutations

You are immune to sickness and miasma.
Your stone body is resilient. (AC +3)
You are immune to poison.
You resist negative energy. (rN+)
You are resistant to electric shocks. (rElec)
You are resistant to unholy torment.
You are immune to petrification.


   Skills:
 - Level 2.0 Fighting
 + Level 3.4 Ranged Weapons
 - Level 1.5 Dodging
 - Level 1.0 Spellcasting
 - Level 2.6 Hexes


You had 3 spell levels left.
You knew the following spells:

 Your Spells              Type           Power      Damage    Failure   Level
a - Slow                  Hex            28%        N/A       10%         1

Your spell library contained the following spells:

 Spells                   Type           Power      Damage    Failure   Level
 Inner Flame              Hex/Fire       4%         N/A       43%         3
 Portal Projectile        Hex/Tloc       8%         N/A       43%         3
 Cause Fear               Hex            3%         N/A       67%         4

Inventory:

Hand Weapons
 a - a +1 sling (weapon)
Armour
 b - a +0 leather armour
 c - a +0 robe (worn)
 h - a +0 helmet
Scrolls
 g - 2 scrolls of teleportation {unknown}
 i - a scroll of amnesia {unknown}
 k - a scroll of vulnerability {unknown}
Potions
 d - a potion of heal wounds {unknown}
 e - a potion of degeneration {unknown}
 f - 2 potions of curing {unknown}
 j - a potion of haste {unknown}

Dungeon Overview and Level Annotations

Branches:
Dungeon (2/15)

Altars:

Annotations:
D:2 Terence


Message History

Enter note:
Enter note: You shoot a sling bullet.
The sling bullet hits Terence.
Terence is moderately wounded.
You shoot a sling bullet.
The sling bullet hits Terence but does no damage.
Terence is moderately wounded.
You shoot a sling bullet. The sling bullet barely misses Terence.
Terence closely misses you.
You shoot a sling bullet.
The sling bullet completely misses Terence.
Terence says, "Don't bother to defend, it's pointless."
Terence hits you with a +0 short sword.
You shoot a sling bullet.
The sling bullet closely misses Terence.
Terence closely misses you. Terence completely misses you.
You shoot a sling bullet.
The sling bullet hits Terence but does no damage.
Terence is moderately wounded.
Terence barely misses you.
You shoot a sling bullet. The sling bullet barely misses Terence.
Terence hits you with a +0 short sword.
You shoot a sling bullet. The sling bullet barely misses Terence.
Terence hits you with a +0 short sword.
You shoot a sling bullet.
The sling bullet hits Terence but does no damage.
Terence is moderately wounded.
Terence hits you with a +0 short sword.
You shoot a sling bullet.
The sling bullet hits Terence but does no damage.
Terence is moderately wounded.
Terence hits you with a +0 short sword. x2
You shoot a sling bullet. The sling bullet hits Terence.
Terence is heavily wounded.
Terence barely misses you.
You shoot a sling bullet.
The sling bullet hits Terence but does no damage.
Terence is heavily wounded.
Terence hits you with a +0 short sword.
You die...

#.#.##.#..........
#.#.##.####..##...
#.#.##.# #.......
#.#.#..####.###...
#....#......# ##..
##.#.##########....
# ..........# #.###
#.#.#######.# #.#
#@@# #.# #.#
#.%....# #.# #.#
#.###### #.# #.###
#.# #....
#.####....
#........#
######...# #....#
#....#


You could see Terence.

Vanquished Creatures
  A bat (D:2)
  3 endoplasms
  2 giant cockroaches
  3 goblins (D:1)
  4 hobgoblins
  2 jackals (D:2)
  3 quokkas
  4 ball pythons
  3 frilled lizards
  5 kobolds (D:1)
  5 rats
35 creatures vanquished.

Notes
Turn   | Place    | Note
-------+----------+-------------------------------------------
     0 | D:1      | qw the Gargoyle Hexslinger began the quest for the Orb.
     0 | D:1      | Reached XP level 1. HP: 12/12 MP: 2/2
     0 | D:1      | 0 ||| qw: Version: 0.3-a-46-gb1f654a
     0 | D:1      | 0 ||| qw: Game counter: 2960
     0 | D:1      | 0 ||| qw: Melee chars always use a shield: true
     0 | D:1      | 0 ||| qw: God list: Okawaru
     0 | D:1      | 0 ||| qw: Allow faded altars: false
     0 | D:1      | 0 ||| qw: Do Orc after clearing Dungeon:15 true
     0 | D:1      | 0 ||| qw: Do second Lair branch before Depths: true
     0 | D:1      | 0 ||| qw: Lair rune preference: random
     0 | D:1      | 0 ||| qw: Goals: Normal
     0 | D:1      | 0 ||| PLANNING D:1-11
   172 | D:1      | Reached XP level 2. HP: 16/16 MP: 3/3
   326 | D:1      | Reached skill level 3 in Ranged Weapons
   550 | D:1      | Found a faded altar of an unknown god.
   689 | D:1      | 689 ||| DROPPING scroll of poison.
   722 | D:2      | 722 ||| STAIRDANCE
   806 | D:2      | Reached XP level 3. HP: 21/21 MP: 4/4
  1261 | D:2      | Noticed Terence
  1274 | D:2      | HP: 4/21 [Terence/+0 short sword (4)]
  1276 | D:2      | Slain by Terence

Levels and vault maps discovered:
D:1:      lordsloth_arrival_two_stooges, layout_loops_corners,
          ebering_ecumenical_altar_box
D:2:      layout_loops_ring, uniq_terence

Skill      XL: |  1  2 |
---------------+-------+-----
Ranged Weapons | 3 |  3.4
Fighting       | 2 |  2.0
Dodging        | |  1.5
Spellcasting   | |  1.0
Hexes          | |  2.6

Action                     || total
---------------------------++-------
   Fire: Sling             ||   124
 Armour: Robe              ||    11
  Dodge: Dodged            ||    33

Table legend:
 A = Non-vault XP
 B = Vault XP
 C = Vault XP percentage of total XP
 D = Non-vault monster count
 E = Vault monster count
 F = Vault count percentage of total count
                 A         B        C        D         E       F
            +---------+---------+-------+---------+---------+-------
      Total |      58 |       0 |   0.0 |      35 |       0 |   0.0
            +---------+---------+-------+---------+---------+-------
        D:1 |      28 |       0 |   0.0 |      17 |       0 |   0.0
        D:2 |      30 |       0 |   0.0 |      18 |       0 |   0.0
            +---------+---------+-------+---------+---------+-------
